Map: Apotheosis LE

Players

SortOf - Winner!

  • Race: Zerg Zerg
  • League: Master

LiquidTLO (TLO)

  • Race: Zerg Zerg
  • League: Master

Event: DreamHack ZOWIE Open Valencia 2016

VOD

Have the link to the VOD?

Description

Time

  • Played on: July 16, 2016, 5 a.m.
  • Length: 8:48

All games in this series

Show
View Real Time Build Order
Export as new Build Order

SortOf Zerg - Winner!

Build Orders: Pool First, Zergling Baneling 

Get SALT Encoding   

  12  0:00  Drone  
  13  0:12  Overlord  
  13  0:16  Drone  
  14  0:30  Drone x2  
  14  0:35  Drone  
  17  0:44  Extractor  
  17  0:45  Drone  
  17  0:50  Spawning Pool  
  17  0:55  Drone  
  17  1:06  Drone  
  18  1:19  Hatchery  
  18  1:23  Drone  
  18  1:38  Zergling x2  
  18  1:39  Zergling x2  
  20  1:40  Queen  
  22  1:48  Metabolic Boost  
  22  1:55  Overlord  
  22  2:04  Baneling Nest  
  21  2:08  Drone  
  23  2:15  Zergling x2  
  23  2:23  Zergling x2  
  24  2:32  Zergling x2  
  25  2:37  Queen  
  25  2:41  Zergling x2  
  28  2:45  Zergling x2  
  28  2:46  Zergling x2  
  28  2:48  Baneling  
  28  2:49  Baneling x2  
  30  2:52  Baneling  
  30  2:55  Zergling x2  
  31  3:00  Zergling x2  
  31  3:01  Zergling x4  
  34  3:11  Overlord  
  34  3:12  Zergling x2  
  35  3:14  Drone  
  36  3:21  Overlord  
  36  3:31  Zergling x6  
  36  3:33  Baneling  
  37  3:36  Zergling x4  
  37  3:40  Zergling x2  
  39  3:45  Zergling x4  
  39  3:46  Zergling x2  
  39  3:47  Baneling  
  41  3:49  Zergling x2  
  41  3:54  Zergling x4  
  43  3:55  Baneling  
  43  3:56  Baneling  
  43  4:05  Drone  
  43  4:06  Drone  
  43  4:07  Evolution Chamber  
  44  4:10  Drone x2  
  45  4:20  Baneling x4  
  45  4:21  Drone  
  45  4:22  Drone  
  46  4:36  Extractor  
  46  4:37  Zergling x10  
  46  4:38  Zergling x2  
  51  4:43  Baneling x2  
  51  4:56  Overlord  
  51  4:57  Baneling x2  
  51  5:06  Zergling x2  
  52  5:10  Overlord  
  38  5:22  Drone x6  
  38  5:24  Drone  
  38  5:25  Zergling x4  
  42  5:33  Zergling x4  
  44  5:37  Drone  
  44  5:38  Drone  
  44  5:42  Drone  
  47  5:45  Drone  
  44  5:56  Zergling x2  
  41  6:00  Queen  
  41  6:04  Zergling x2  
  42  6:05  Baneling x2  
  42  6:08  Zergling x2  
  42  6:09  Zergling x6  
  46  6:12  Zergling x2  
  46  6:17  Zergling x4  
  47  6:19  Zergling x2  
  47  6:20  Baneling x2  
  47  6:23  Zergling x2  
  48  6:31  Zergling x4  
  48  6:39  Zergling x2  
  47  6:40  Zergling x4  
  47  6:41  Baneling  
  47  6:42  Baneling x5  
  47  6:45  Zergling x2  
  48  6:53  Drone x2  
  43  6:58  Spine Crawler  
  40  7:08  Zergling x6  
  42  7:10  Zergling x2  
  42  7:12  Zergling x2  
  41  7:16  Drone  
  41  7:22  Zergling x2  
  40  7:25  Drone  
  40  7:31  Baneling x4  
  40  7:33  Drone  
  40  7:36  Drone  
  42  7:46  Drone x2  
  42  7:51  Zergling x2  
  43  7:58  Drone  
  43  8:06  Drone x2  
  43  8:07  Zergling x2  
  43  8:09  Zergling x2  
  45  8:13  Zergling x4  
  45  8:14  Hatchery  
  45  8:15  Baneling x2  
  45  8:19  Zergling x2  
  47  8:22  Zergling x2  
  48  8:27  Baneling x2  
  48  8:28  Zergling x2  
Show
View Real Time Build Order
Export as new Build Order

LiquidTLO Zerg 

Build Orders: Hatch First 

Get SALT Encoding   

  12  0:00  Drone  
  13  0:13  Overlord  
  13  0:17  Drone  
  14  0:31  Drone  
  14  0:35  Drone x2  
  17  0:52  Hatchery  
  17  0:55  Drone  
  17  1:00  Drone  
  17  1:02  Extractor  
  17  1:15  Spawning Pool  
  17  1:17  Drone  
  17  1:21  Drone  
  18  1:28  Drone  
  19  1:39  Overlord  
  19  2:02  Queen  
  19  2:03  Zergling x2  
  19  2:04  Queen  
  19  2:08  Drone  
  25  2:11  Drone  
  25  2:13  Drone  
  27  2:17  Drone  
  28  2:23  Drone  
  28  2:28  Drone  
  30  2:34  Hatchery  
  29  2:38  Metabolic Boost  
  29  2:48  Drone, Baneling Nest  
  29  2:49  Drone  
  30  2:51  Drone  
  30  2:55  Zergling x2  
  32  3:01  Zergling x2, Overlord  
  32  3:05  Zergling x2  
  33  3:15  Zergling x6  
  33  3:18  Overlord  
  36  3:28  Zergling x2  
  36  3:30  Zergling x4  
  36  3:31  Zergling x2  
  35  3:34  Queen  
  35  3:37  Zergling x2  
  35  3:38  Zergling x2  
  36  3:42  Zergling x2  
  36  3:43  Zergling x2  
  36  3:45  Zergling x2  
  32  3:49  Zergling x2  
  32  3:52  Zergling x2  
  32  3:54  Baneling  
  32  3:57  Baneling x2  
  32  4:02  Zergling x2  
  31  4:06  Zergling x2  
  31  4:08  Zergling x2  
  33  4:10  Zergling x2  
  33  4:15  Zergling x2  
  33  4:16  Baneling  
  34  4:19  Zergling x2  
  34  4:33  Zergling x4  
  34  4:38  Zergling x2  
  36  4:39  Zergling x4  
  36  4:42  Zergling x2, Baneling  
  39  4:51  Zergling x2  
  39  4:52  Zergling x4  
  42  4:54  Baneling  
  42  4:55  Baneling  
  39  5:02  Zergling x2  
  39  5:03  Zergling x2  
  39  5:06  Zergling x2  
  40  5:09  Baneling  
  40  5:12  Zergling x2  
  41  5:15  Zergling x2  
  41  5:19  Zergling x2  
  34  5:22  Zergling x2  
  34  5:28  Zergling x2  
  34  5:30  Zergling x2  
  34  5:34  Baneling x4  
  35  5:39  Zergling x2  
  35  5:42  Zergling x2  
  35  5:44  Zergling x2  
  34  5:55  Zergling x2  
  33  5:57  Zergling x2  
  33  6:00  Zergling x2  
  33  6:01  Zergling x2  
  33  6:03  Zergling x2  
  35  6:09  Baneling x2  
  35  6:16  Baneling  
  35  6:17  Baneling x3  
  33  6:20  Baneling  
  33  6:21  Zergling x2  
  33  6:22  Zergling x2  
  33  6:24  Zergling x2  
  34  6:27  Zergling x2  
  34  6:32  Zergling x2  
  35  6:35  Zergling x2  
  35  6:38  Zergling x2  
  36  6:40  Baneling  
  36  6:45  Zergling x2  
  36  6:48  Zergling x2  
  36  6:55  Zergling x6  
  36  7:00  Zergling x2  
  36  7:01  Baneling  
  36  7:06  Zergling x2  
  35  7:11  Zergling x2  
  35  7:12  Zergling x2  
  35  7:14  Drone  
  33  7:27  Drone  
  33  7:28  Drone  
  33  7:29  Drone  
  36  7:30  Drone x2  
  36  7:32  Baneling  
  38  7:40  Drone  
  38  7:43  Drone  
  39  7:45  Drone  
  39  7:46  Drone  
  39  7:49  Drone  
  39  7:50  Drone  
  43  7:52  Drone  
  44  8:03  Zergling x2  
  44  8:05  Zergling x2  
  44  8:11  Zergling x4  
  45  8:13  Zergling x2  
  45  8:16  Zergling x4  
  45  8:25  Baneling  
  45  8:26  Baneling  
  45  8:28  Zergling x2  

Tags
 
Add a new tag
Caveats
  • Supply blocks, unpowered buildings, or Contaminate may cause inaccurate times.
  • Supply counts are checked every 10 seconds.